[Event "Late-Titled-Tuesday-Blitz-March-05-2024"]
[Site "Chess.com"]
[Date "2024.03.05"]
[Round "7"]
[White "Roedor"]
[Black "SmirnovTimofey2000"]
[Result "1-0"]
[WhiteElo "2291"]
[BlackElo "1962"]
[TimeControl "180+1"]
[EndTime "15:15:02 PST"]
[Termination "Roedor won on time"]

1. c4 c6 2. Nf3 d5 3. d4 Nf6 4.
Qb3 Qb6 5. Nc3 e6 6. c5 Qc7 7. Bg5 Nbd7 8. e3 h6 9. Bh4 Be7 10. Bg3 Qd8 11. Bd3 O-O 12. O-O Nh5 13. Rad1 Nxg3 14. hxg3 Nf6 15. e4 dxe4 16. Nxe4 Nxe4 17.
Bxe4 Bf6 18. Bc2 Qc7 19. Rfe1 b6 20. a3 Rb8 21. Qd3 g6 22. b4 bxc5 23. dxc5 a5 24.
Rb1 axb4 25. axb4 Ra8 26. Qe3 Kg7 27. Be4 Rd8 28. b5 Ra5 29. Bxc6 Bb7 30. Bxb7 Qxb7 31. c6 Qc7 32. Rec1 Rb8 33. Qd3 Qb6 34. Nd2 Rxb5 35.
Rxb5 Qxb5 36. Qxb5 Rxb5 37. c7 Rb6 38. c8=Q 1-0

[Event "Late-Titled-Tuesday-Blitz-March-05-2024"]
[Site "Chess.com"]
[Date "2024.03.05"]
[Round "7"]
[White "Vegan4future"]
[Black "Mikhail_Golubev"]
[Result "1-0"]
[WhiteElo "2494"]
[BlackElo "2625"]
[TimeControl "180+1"]
[EndTime "15:15:05 PST"]
[Termination "Vegan4future won on time"]

1. e4 c5 2. Nf3 d6 3. Bb5+ Bd7 4.
Bxd7+ Nxd7 5. c4 Ngf6 6. Nc3 Ne5 7. O-O Nxf3+ 8. Qxf3 g6 9. d3 Bg7 10. Bg5 O-O 11. Rab1 h6 12. Be3 Nd7 13. Qe2 Kh7 14.
f4 f5 15. Bd2 e6 16. Kh1 Nf6 17. a3 Qd7 18. b4 b6 19. Nd1 fxe4 20. dxe4 d5 21.
e5 Ne4 22. Be1 cxb4 23. Bxb4 Rfc8 24. cxd5 Qxd5 25. Ne3 Qb7 26. Rfe1 Nc3 27. Bxc3 Rxc3 28. a4 Rac8 29. Rbd1 Qe4 30. Ng4 Qxe2 31. Rxe2 Rc1 32.
Ree1 Rxd1 33. Rxd1 h5 34. Nf2 Rc4 35. g3 Rxa4 36.
Rd7 Kg8 37. Nh3 Bh6 38. Re7 Rb4 39. Rxe6 Kf7 40. Rc6 a5 41. Nf2 a4 42. Rc7+ Ke6 43.
Ra7 b5 44. Kg2 Bf8 45. Kf3 Rd4 46. Ra6+ 1-0

[Event "Late-Titled-Tuesday-Blitz-March-05-2024"]
[Site "Chess.com"]
[Date "2024.03.05"]
[Round "7"]
[White "Fjal"]
[Black "picturesquecheck"]
[Result "0-1"]
[WhiteElo "2289"]
[BlackElo "2415"]
[TimeControl "180+1"]
[EndTime "15:15:05 PST"]
[Termination "picturesquecheck won on time"]

1. Nf3 d5 2. g3 Nf6 3. Bg2 g6 4.
O-O Bg7 5. c4 c6 6. Nc3 O-O 7.
d4 Bg4 8. Qb3 Qb6 9. Qxb6 axb6 10.
cxd5 cxd5 11. Bg5 Be6 12. Nb5 Na6 13. a3 Rfc8 14. Rac1 Kf8 15. Bd2 Ne4 16. Bf4 Rc6 17. h4 Rac8 18. Ne5 Rxc1 19. Rxc1 Rxc1+ 20. Bxc1 Bxe5 21. dxe5 Nec5 22. Nd4 Ke8 23. b4 Nd7 24. Nxe6 fxe6 25. f4 Nc7 26. Be3 Nb5 27. Bh3 Kf7 28. Bc1 Nc3 29.
Kf2 Ne4+ 30. Kf3 b5 31. Bb2 Nb6 32. Bc1 Nc4 33. g4 h6 34. e3 Nc3 35. Bf1 Na2 36.
Bb2 Nxb2 37. Bxb5 Nc4 38. Bxc4 dxc4 39. Ke4 b5 40. Kd4 Nxb4 41. axb4 h5 0-1

[Event "Late-Titled-Tuesday-Blitz-March-05-2024"]
[Site "Chess.com"]
[Date "2024.03.05"]
[Round "7"]
[White "Malev212"]
[Black "GilbertoHernandezAmura"]
[Result "1-0"]
[WhiteElo "2630"]
[BlackElo "2468"]
[TimeControl "180+1"]
[EndTime "15:15:06 PST"]
[Termination "Malev212 won by resignation"]

1. e4 g6 2. d4 Bg7 3. Nc3 c5 4. Be3 Nc6 5. dxc5 Bxc3+ 6. bxc3 Nf6 7. f3 Qa5 8. Ne2 O-O 9. h4 d6 10. cxd6 Rd8 11. Bf4 exd6 12. Bg5 Kg7 13. Qd2 h5 14. Nd4 Bd7 15. Bc4 Ne5 16. Bb3 Rac8 17. O-O Qxc3 18.
Qxc3 Rxc3 19. f4 Neg4 20. e5 dxe5 21. fxe5 Bf5 22. Bxf6+ Nxf6 23. Nxf5+ gxf5 24. exf6+ Kxf6 25. Rf2 b5 26. Raf1 Rc5 27. Rf4 a5 28. a4 b4 29. Re1 Rd2 30. Rf2 Rd4 31. g3 Rc3 32. Kh2 Rg4 33. Rg1 Ke5 34. Rgg2 Ke4 35. Bxf7 Rg7 36. Bxh5 Ra3 37. Be2 Rxa4 38. Bd3+ Ke3 39. Re2+ Kd4 40. Bxf5 Ra3 41. h5 Rg5 42. g4 Rc3 43. Rd2+ Ke3 44. Rge2+ Kf3 45. Rf2+ Ke3 46. Rde2+ Kd4 47. Rf4+ Kd5 48. h6 Rc6 49. h7 Rh6+ 50.
Kg3 Rg7 51. Rh2 Rhxh7 52. Bxh7 1-0

[Event "Late-Titled-Tuesday-Blitz-March-05-2024"]
[Site "Chess.com"]
[Date "2024.03.05"]
[Round "7"]
[White "Burgsvik"]
[Black "jamengrand"]
[Result "0-1"]
[WhiteElo "2367"]
[BlackElo "2483"]
[TimeControl "180+1"]
[EndTime "15:15:06 PST"]
[Termination "jamengrand won by resignation"]

1. e4 c5 2. Nf3 Nc6 3. d4 cxd4 4.
Nxd4 g6 5. Nc3 Bg7 6. Nb3 Nf6 7. Be2 d6 8. Be3 a5 9. a4 Nb4 10. g4 h5 11. g5 Ng4 12. Bxg4 hxg4 13. Bd4 Bxd4 14.
Nxd4 Qb6 15. Ndb5 g3 16. fxg3 Rxh2 17. Rxh2 Qg1+ 18. Kd2 Qxh2+ 19. Kc1 Bg4 20. Qd2 Qg1+ 21. Nd1 Rc8 22. c3 Bxd1 23. Qxd1 Qe3+ 24. Qd2 Qxe4 25. Kd1 Nd3 26. Ra2 Rc5 27. Nd4 Re5 28. Kc2 Ne1+ 29. Kb3 Qd5+ 30. Ka3 Qc5+ 31. b4 Qc4 32. Rb2 Nd3 33.
Rb3 axb4+ 34. Rxb4 Nxb4 35. cxb4 Re4 36. Nc2 Re2 37. Qd4 Rxc2 38. Qh8+ Kd7 39. Qa1 Qc3+ 40. Qxc3 Rxc3+ 41. Kb2 Rxg3 42. b5 Rxg5 43. b6 Ra5 0-1

[Event "Late-Titled-Tuesday-Blitz-March-05-2024"]
[Site "Chess.com"]
[Date "2024.03.05"]
[Round "7"]
[White "aceontheturn"]
[Black "ckgchess"]
[Result "0-1"]
[WhiteElo "2802"]
[BlackElo "2926"]
[TimeControl "180+1"]
[EndTime "15:15:07 PST"]
[Termination "ckgchess won on time"]

1. e4 c5 2. Nc3 d6 3. f4 g6 4. Nf3 Bg7 5. Bb5+ Bd7 6. O-O Bxb5 7. Nxb5 Nc6 8. d3 a6 9. Nc3 e6 10. f5 Nf6 11. fxe6 fxe6 12. e5 dxe5 13. Ng5 Qe7 14.
Nge4 O-O 15. Bg5 Nd4 16. Qd2 Nxe4 17. Nxe4 Qc7 18. Be3 b6 19. Bxd4 exd4 20. a4 c4 21. Qe2 cxd3 22. cxd3 Qe5 23. Rxf8+ Rxf8 24. Rf1 Rf5 25.
Qc2 Bf8 26. Re1 Bh6 27. Qc8+ Rf8 28. Qxa6 Be3+ 29. Kh1 Qc7 30. Qb5 Qc2 31. Qe5 Qxd3 32. Qxe6+ Kg7 33. Qe5+ Kh6 34. Nf6 Qf5 35. Qxf5 gxf5 36.
Nd5 Rd8 0-1

[Event "Late-Titled-Tuesday-Blitz-March-05-2024"]
[Site "Chess.com"]
[Date "2024.03.05"]
[Round "7"]
[White "DonBroca"]
[Black "McCarthyStone"]
[Result "0-1"]
[WhiteElo "2149"]
[BlackElo "2366"]
[TimeControl "180+1"]
[EndTime "15:15:07 PST"]
[Termination "McCarthyStone won on time"]

1. e4 e5 2. Nf3 d6 3. d4 exd4 4. Qxd4 Nc6 5. Bb5 Bd7 6. Bxc6 Bxc6 7. Nc3 Nf6 8. Bg5 Be7 9. O-O-O h6 10. Bh4 O-O 11.
Rhe1 Ng4 12. Bxe7 Qxe7 13. h3 Ne5 14. Nd5 Bxd5 15. exd5 Rfe8 16. Re3 Nxf3 17. Rxe7 Nxd4 18. Rxe8+ Rxe8 19. Rxd4 Re2 20. Rd2 Re4 21. b3 g5 22.
Kd1 Kg7 23. f3 Re5 24. c4 Kg6 25. Kc2 Kf5 26. g3 h5 27. Kd3 Re1 28. Re2 Rd1+ 29. Ke3 Rh1 30. g4+ Kg6 31. gxh5+ Kf6 32. Kf2 Rxh3 33. Kg2 Rxh5 34. Re8 g4 35. Rc8 gxf3+ 36.
Kg3 Rf5 37. Kf2 Ke5 38. Rxc7 Kf4 39. Rxb7 f6 40. Rg7 Re5 0-1

[Event "Late-Titled-Tuesday-Blitz-March-05-2024"]
[Site "Chess.com"]
[Date "2024.03.05"]
[Round "7"]
[White "TheMagician"]
[Black "FMOlexandrProhorov"]
[Result "1-0"]
[WhiteElo "2215"]
[BlackElo "2339"]
[TimeControl "180+1"]
[EndTime "15:15:07 PST"]
[Termination "TheMagician won on time"]

1. d4 g6 2. e4 Bg7 3. Nc3 c6 4. h3 d6 5. Bc4 Nf6 6. Bb3 O-O 7. Qe2 e5 8. dxe5 dxe5 9. Bg5 Qc7 10. Bxf6 Bxf6 11.
h4 h5 12. O-O-O b5 13. Qf3 Bg7 14. Nce2 a5 15. a3 Nd7 16. Ba2 Nc5 17. Qe3 Ne6 18.
g3 Kh7 19. Kb1 Bh6 20. Qf3 Nd4 21. Nxd4 Bg4 22. Qc3 exd4 23. Rxd4 Bg7 24. f3 Be6 25. Bxe6 fxe6 26. Ne2 c5 27. f4 b4 28. Qc4 Bxd4 29. Nxd4 Qf7 30. Nxe6 Kg8 31. f5 bxa3 32. b3 a4 33. Nxf8 Qxc4 34. bxc4 1-0

[Event "Late-Titled-Tuesday-Blitz-March-05-2024"]
[Site "Chess.com"]
[Date "2024.03.05"]
[Round "7"]
[White "Bugcrusher"]
[Black "AccioChess"]
[Result "0-1"]
[WhiteElo "2515"]
[BlackElo "2414"]
[TimeControl "180+1"]
[EndTime "15:15:08 PST"]
[Termination "AccioChess won on time"]

1. e4 c5 2. Nc3 Nc6 3. Bb5 Nf6 4. Bxc6 dxc6 5. d3 e5 6. f4 Bd6 7. Nf3 Bg4 8. h3 Bxf3 9. Qxf3 exf4 10. Bxf4 Qc7 11.
Bxd6 Qxd6 12. O-O-O O-O 13. g4 Nd7 14. g5 b5 15. Ne2 a5 16. Qg3 Ne5 17. h4 a4 18.
h5 a3 19. b3 f5 20. gxf6 Qxf6 21. h6 g6 22. Rdf1 Nf3 23. e5 Qxe5 24. Rxf3 Qa1+ 25. Kd2 Qxh1 26. Rxf8+ Rxf8 27. Qe3 Qf3 28. Qe6+ Qf7 29. Qxc6 c4 30. bxc4 bxc4 31. dxc4 Rd8+ 32. Kc3 Qe7 33. Nd4 Qe3+ 34. Kb4 Qxd4 35. Qe6+ Kh8 36. Kb5 Qb2+ 37.
Kc6 Qd4 38. c5 g5 39. c4 g4 0-1

[Event "Late-Titled-Tuesday-Blitz-March-05-2024"]
[Site "Chess.com"]
[Date "2024.03.05"]
[Round "7"]
[White "ukchessbomber"]
[Black "norwaytoadog"]
[Result "1-0"]
[WhiteElo "2665"]
[BlackElo "2302"]
[TimeControl "180+1"]
[EndTime "15:15:09 PST"]
[Termination "ukchessbomber won on time"]

1. c4 e5 2. b3 Nf6 3. Bb2 Nc6 4. e3 d6 5. Nc3 g6 6. Nge2 Bg7 7. g3 h5 8. h3 Be6 9. Bg2 d5 10. cxd5 Nxd5 11. O-O Qd7 12. Kh2 Rd8 13. d4 exd4 14.
Ne4 O-O 15. Nc5 Qe7 16. Nxe6 Qxe6 17. Nxd4 Nxd4 18. Bxd4 Nc3 19. Qc2 Bxd4 20. exd4 Nb5 21. d5 Qd6 22. Qd2 c5 23. Rfe1 h4 24. Qg5 hxg3+ 25.
fxg3 Rde8 26. h4 Nd4 27. Rxe8 Rxe8 28. Rf1 Qe5 29. Qxe5 Rxe5 30. d6 Kf8 31. Bxb7 Ke8 32. Ba6 f5 33. g4 Kd7 34. h5 gxh5 35. gxh5 Kxd6 36. Rf4 Re6 37. Kg3 Ke5 38. Rh4 Rh6 39. Bc4 Kf6 40. Kf4 Nc2 41. Rh2 Nd4 42. a3 Nc6 43. Rd2 Ne5 44. Rd6+ Kg7 45. Rxh6 1-0

[Event "Late-Titled-Tuesday-Blitz-March-05-2024"]
[Site "Chess.com"]
[Date "2024.03.05"]
[Round "7"]
[White "MathiasWomacka"]
[Black "Hamisandwich"]
[Result "0-1"]
[WhiteElo "2542"]
[BlackElo "2669"]
[TimeControl "180+1"]
[EndTime "15:15:10 PST"]
[Termination "Hamisandwich won on time"]

1. e4 c5 2. Nf3 d6 3. d4 cxd4 4. Nxd4 Nf6 5. Nc3 Nc6 6. Be2 Bd7 7. O-O a6 8. Be3 Rc8 9. a4 Nxd4 10. Qxd4 e5 11. Qd2 h6 12. a5 Qc7 13. f3 Be7 14. Rfc1 O-O 15. Nd5 Nxd5 16. exd5 f5 17. c4 Qd8 18. b4 Bg5 19. Bxg5 Qxg5 20. Qxg5 hxg5 21. c5 Bb5 22. Bxb5 axb5 23. a6 bxa6 24. Rxa6 dxc5 25. bxc5 Rfd8 26. d6 b4 27. Rb6 b3 28.
Kf2 Kf7 29. Rxb3 Rxd6 30. Rb7+ Kf6 31. cxd6 Rxc1 32. d7 Rd1 33. Ke2 Rd5 34. g3 g4 35. fxg4 fxg4 36. Ke3 g5 37. Ke4 Rd4+ 38. Ke3 Ke6 39. Rb6+ Kf5 40. Rb7 Ke6 41. Rb6+ Kxd7 42.
Rg6 Ke7 43. Rxg5 Kf6 44. Rg6+ Kxg6 0-1

[Event "Late-Titled-Tuesday-Blitz-March-05-2024"]
[Site "Chess.com"]
[Date "2024.03.05"]
[Round "7"]
[White "Quattroporte300"]
[Black "Crazy_girl99"]
[Result "1/2-1/2"]
[WhiteElo "2470"]
[BlackElo "2567"]
[TimeControl "180+1"]
[EndTime "15:15:11 PST"]
[Termination "Game drawn - insufficient material"]

1. e4 e5 2. Nf3 Nc6 3. Bb5 a6 4. Ba4 Nf6 5. O-O Nxe4 6. d4 b5 7. Bb3 d5 8. dxe5 Be6 9. c3 Be7 10. Nbd2 Nc5 11. Bc2 d4 12. cxd4 Nxd4 13. Nxd4 Qxd4 14.
Nf3 Qxd1 15. Rxd1 O-O 16. h3 Rad8 17. Be3 h6 18. a3 Nb3 19. Rxd8 Rxd8 20. Rd1 Rxd1+ 21.
Bxd1 c5 22. Nd2 Nxd2 23. Bxd2 b4 24. axb4 cxb4 25. f4 a5 26. Ba4 Bc5+ 27. Kf1 Kf8 28. b3 Bd5 29. g3 Ke7 30. Ke2 f6 31. exf6+ Kxf6 32. Be3 Bxe3 33. Kxe3 Ke6 34. Kd4 Kd6 35. g4 Bf3 36. Ke3 Bd1 37. Kd4 Bf3 38. g5 hxg5 39. fxg5 Bg2 40. h4 Bf3 41. Ke3 Bg4 42. Kd4 Bd1 43. Ke4 Ke6 44. Kd4 Kf5 45. Kc5 Kg4 46. Kb5 Kxh4 47. Kxa5 Kxg5 48. Kxb4 Kf4 49.
Kc3 g5 50. Bd7 Bg4 51. Bc6 Bf3 52. Bd7 Bg4 53. Bc6 Bf5 54. b4 g4 55. b5 g3 56. b6 Be4 57. Bxe4 Kxe4 58. b7 g2 59. b8=Q g1=Q 60. Qb7+ Kf4 61. Qf7+ Ke5 62. Qe7+ Kf4 63. Qf6+ Ke4 64. Qe6+ Kf4 65. Qd6+ Kf3 66. Qd3+ Kf4 67. Qd4+ Qxd4+ 68. Kxd4 1/2-1/2

[Event "Late-Titled-Tuesday-Blitz-March-05-2024"]
[Site "Chess.com"]
[Date "2024.03.05"]
[Round "7"]
[White "emeli_chess"]
[Black "martinmena"]
[Result "0-1"]
[WhiteElo "2408"]
[BlackElo "2313"]
[TimeControl "180+1"]
[EndTime "15:15:11 PST"]
[Termination "martinmena won by resignation"]

1. d4 d5 2. c4 e6 3. Nc3 Nf6 4. cxd5 exd5 5. Bg5 Be7 6. e3 O-O 7. Bd3 Nbd7 8. Nf3 c6 9. O-O Re8 10. Qc2 Nf8 11. h3 g6 12. Ne5 Ne6 13. Bh6 Ng7 14. Rab1 a5 15. a3 Bf5 16. Bxf5 Nxf5 17. Bf4 Nd7 18. b4 axb4 19. axb4 Nxe5 20. Bxe5 b5 21.
Ne2 Qb6 22. Rfc1 Rec8 23. e4 Nd6 24. Bxd6 Bxd6 25. e5 Bf8 26. Qc3 Ra2 27. Rc2 Rca8 28. Rbb2 R8a3 29. Qd2 Rxb2 30. Rxb2 Ra4 31. Qc3 Qa6 32.
Nf4 Ra3 33. Qd2 Qa4 34. Nd3 Rb3 35. Rxb3 Qxb3 36. Nc5 Qc4 37. Kh2 Bxc5 38. dxc5 d4 39. f4 d3 40. Qe3 Qd5 41. Qd2 Kf8 42. Kg3 Qe4 43. Kg4 Qe2+ 44. Qxe2 dxe2 0-1

[Event "Late-Titled-Tuesday-Blitz-March-05-2024"]
[Site "Chess.com"]
[Date "2024.03.05"]
[Round "7"]
[White "Byniolus"]
[Black "stollenmonster"]
[Result "0-1"]
[WhiteElo "2779"]
[BlackElo "2884"]
[TimeControl "180+1"]
[EndTime "15:15:15 PST"]
[Termination "stollenmonster won by resignation"]

1. d4 Nf6 2. Nf3 e6 3. Bf4 d5 4. e3 Be7 5. Nbd2 Ne4 6. Nxe4 dxe4 7. Nd2 f5 8. f3 exf3 9. Qxf3 O-O 10. O-O-O g5 11.
Bg3 Nc6 12. c3 Bd6 13. h4 g4 14. Qf2 Bd7 15. Bxd6 cxd6 16. d5 Ne5 17. Nc4 Nxc4 18. Bxc4 e5 19. h5 Rc8 20. Bb3 b5 21. e4 f4 22.
Qxa7 b4 23. c4 Bb5 24. Kb1 Bxc4 25. h6 Rf7 26. Qa4 Be2 27. Qxb4 Bxd1 28. Bxd1 f3 29. gxf3 gxf3 30. Qd2 Kh8 31. Rf1 Qh4 32. Qd3 Qxh6 33. a4 Qc1+ 34. Ka2 f2 35. Qh3 Rb8 36. Bb3 Qf4 37.
Qe6 Rfb7 38. Rh1 f1=Q 39. Rxf1 Qxf1 40. Qxd6 Qf4 41. Qa3 Rxb3 42. Qxb3 Rxb3 43. Kxb3 0-1

[Event "Late-Titled-Tuesday-Blitz-March-05-2024"]
[Site "Chess.com"]
[Date "2024.03.05"]
[Round "7"]
[White "WindWhistler11"]
[Black "Tugrik1969"]
[Result "1-0"]
[WhiteElo "2537"]
[BlackElo "2405"]
[TimeControl "180+1"]
[EndTime "15:15:15 PST"]
[Termination "WindWhistler11 won by resignation"]

1. Nf3 d5 2. c4 e6 3. g3 Nf6 4. Bg2 d4 5. e3 c5 6. exd4 cxd4 7. O-O Nc6 8. Re1 Bd6 9. d3 h6 10. Na3 O-O 11. Nc2 a5 12. b3 e5 13. Ba3 Re8 14.
Bxd6 Qxd6 15. a3 Bf5 16. Nh4 Bh7 17. Be4 Bxe4 18. dxe4 Nd7 19. Nf5 Qf8 20. Rb1 g6 21. Nh4 Nc5 22. Qg4 Kh7 23. b4 axb4 24. Nxb4 Nxb4 25.
axb4 Nd3 26. Re2 Nxb4 27. Reb2 Ra4 28. Qd1 Rea8 29. f4 exf4 30. gxf4 d3 31. Kh1 Qc5 32. f5 g5 33. Qh5 Qxc4 34. Nf3 Qxe4 35. Qxf7+ Kh8 36.
Qf6+ Kh7 37. Qg6+ Kh8 38. Qxh6+ Kg8 39. Qxg5+ Kf8 40. Qf6+ Ke8 41. Re1 Qxe1+ 42. Nxe1 Ra1 43. Qe5+ Kd8 44. Rxb4 1-0

[Event "Late-Titled-Tuesday-Blitz-March-05-2024"]
[Site "Chess.com"]
[Date "2024.03.05"]
[Round "7"]
[White "rychessmaster1"]
[Black "AlexeiShirov"]
[Result "0-1"]
[WhiteElo "2729"]
[BlackElo "2871"]
[TimeControl "180+1"]
[EndTime "15:15:20 PST"]
[Termination "AlexeiShirov won by resignation"]

1. d4 d5 2. c4 c6 3. Nf3 Nf6 4. Nc3 e6 5. g3 dxc4 6. Bg2 b5 7. O-O Bb7 8. Ne5 a6 9. a4 Be7 10. axb5 axb5 11. Rxa8 Bxa8 12. Nxb5 cxb5 13. Bxa8 O-O 14.
Bg2 Nd5 15. Bd2 Bf6 16. e4 Ne7 17. Bb4 Re8 18. Qd2 Nec6 19. Nxc6 Nxc6 20. d5 exd5 21.
exd5 Nd4 22. Re1 Rxe1+ 23. Qxe1 Nc2 24. Qd2 Nxb4 25. Qxb4 Qd7 26. h3 Be7 27. Qa5 g6 28. Qa8+ Kg7 29. Qc6 Qxc6 30. dxc6 Bd8 31. Kf1 Kf6 32.
Ke2 Ke5 33. Kd2 Kd4 34. Kc2 b4 35. b3 c3 36. Bf1 g5 37. Bd3 h6 38. g4 Ke5 39.
Bf1 Bb6 40. Bg2 Kd6 41. Bh1 Bxf2 42. Bg2 Bb6 43. Bh1 Ke5 44. Bg2 Kf4 45. Bf1 Kg3 46.
Kc1 f6 47. Kc2 Kf2 48. Bd3 Kg2 49. Bg6 Kxh3 50. Bf5 Kh4 51. Kd3 h5 52. gxh5 Kxh5 53. Ke2 g4 54. Kf1 Kg5 55. Bd3 f5 56. Ke2 f4 57.
Be4 f3+ 58. Kd3 Kf4 59. Bd5 g3 0-1

[Event "Late-Titled-Tuesday-Blitz-March-05-2024"]
[Site "Chess.com"]
[Date "2024.03.05"]
[Round "7"]
[White "Chopper1905"]
[Black "Shtembuliak"]
[Result "0-1"]
[WhiteElo "2957"]
[BlackElo "2864"]
[TimeControl "180+1"]
[EndTime "15:15:23 PST"]
[Termination "Shtembuliak won by resignation"]

1. Nf3 Nf6 2. c4 d6 3. Nc3 g6 4. d4 Bf5 5. Qb3 Qc8 6. h3 Bg7 7. g4 Bd7 8. e4 O-O 9. Be3 c5 10. dxc5 Na6 11. cxd6 exd6 12. Nd4 Re8 13. f3 Nc5 14.
Qc2 h5 15. g5 Nh7 16. h4 Nf8 17. O-O-O Nfe6 18. Ndb5 Bxb5 19. Nxb5 Rd8 20. f4 a6 21. Nc3 Bxc3 22. Qxc3 Nxe4 23. Qc2 Ng3 24. Rg1 Nf5 25. Bf2 Nxf4 26. Kb1 d5 27. c5 Qe6 28. Bd3 Nxd3 29.
Qxd3 Qe4 30. Rge1 Qc4 31. b3 Qg4 32. Re5 d4 33. Re4 Qg2 34. Rf4 Rd7 35. Rd2 Re8 36. Kb2 Qc6 37. b4 a5 38. a3 axb4 39. axb4 Ra8 40. Qb3 Qa6 41. Bxd4 Qa1+ 42. Kc2 Rxd4 43. Rfxd4 Nxd4+ 44. Rxd4 Qxd4 0-1

[Event "Late-Titled-Tuesday-Blitz-March-05-2024"]
[Site "Chess.com"]
[Date "2024.03.05"]
[Round "7"]
[White "kalxandria"]
[Black "Jahonas"]
[Result "0-1"]
[WhiteElo "2186"]
[BlackElo "2386"]
[TimeControl "180+1"]
[EndTime "15:15:23 PST"]
[Termination "Jahonas won by checkmate"]

1. e4 c6 2. d4 d5 3. exd5 cxd5 4. Nf3 Nc6 5. c3 Nf6 6. Bd3 g6 7. Bf4 Bg7 8. O-O O-O 9. h3 Bd7 10. Nbd2 Qc8 11. Qe2 Bf5 12. Ne5 Bxd3 13. Qxd3 e6 14. Ndf3 Ne4 15. Nxc6 bxc6 16. Ne5 f6 17. Ng4 h5 18.
Ne3 e5 19. Bh2 exd4 20. cxd4 f5 21. Rac1 Qb7 22. b3 Rae8 23. f3 Ng5 24. g4 Qb4 25. Kg2 Qxd4 26. Qxd4 Bxd4 27. Nc2 Re2+ 28. Kh1 Bb2 29.
Bf4 Bxc1 30. Rxc1 Nxh3 31. Bh6 Rfe8 32. Nd4 Re1+ 33. Rxe1 Rxe1+ 34. Kg2 hxg4 35. fxg4 fxg4 36. Nxc6 Kh7 37. Bd2 Re2+ 38. Kg3 Rxd2 39. Kxg4 Nf2+ 40. Kf3 Ne4 41. Ke3 Rxa2 42. Ne5 Rb2 43. Nd7 Rxb3+ 44. Kd4 g5 45. Kxd5 Nc3+ 46. Kc4 Ra3 47. Kb4 Nb1 48. Ne5 Kh6 49. Nf7+ Kh5 50. Ne5 g4 51. Nc4 g3 52.
Ne5 g2 53. Kb5 g1=Q 54. Nc4 Rb3+ 55. Kc6 Qg6+ 56. Nd6 Rb6+ 57. Kc5 Qxd6+ 58. Kc4 Rb4# 0-1

[Event "Late-Titled-Tuesday-Blitz-March-05-2024"]
[Site "Chess.com"]
[Date "2024.03.05"]
[Round "7"]
[White "LUISMIGUELOV"]
[Black "Viktor_Poddubnyi"]
[Result "1-0"]
[WhiteElo "2168"]
[BlackElo "2255"]
[TimeControl "180+1"]
[EndTime "15:15:24 PST"]
[Termination "LUISMIGUELOV won on time"]

1. d4 g6 2. c3 Bg7 3. Bg5 Nf6 4. Nd2 d6 5. e4 O-O 6. Bd3 c5 7. d5 e6 8. dxe6 Bxe6 9. Ngf3 Nc6 10. O-O Qc7 11. Re1 Rfe8 12. Qc2 Rad8 13. a3 a6 14. Rad1 b5 15. h3 h6 16. Bh4 Qb7 17. Nf1 c4 18.
Be2 g5 19. Bg3 d5 20. exd5 Nxd5 21. N1d2 f5 22. Bf1 f4 23. Bh2 Qf7 24. Ne4 Bf5 25. Nfd2 Kh8 26. Nd6 Rxd6 27. Rxe8+ Kh7 28. Re4 Nf6 29. f3 Bxe4 30. Nxe4 Rd3 31. Bxd3 cxd3 32. Nxf6+ Qxf6 33. Qxd3+ Kh8 34. Qd6 Qxd6 35. Rxd6 Ne5 36. Rxa6 Nc4 37. b3 Nd2 38. a4 bxa4 39. bxa4 Bxc3 40.
Kf2 Nb3 41. Ke2 Kg7 42. Bg1 1-0

[Event "Late-Titled-Tuesday-Blitz-March-05-2024"]
[Site "Chess.com"]
[Date "2024.03.05"]
[Round "7"]
[White "howitzer14"]
[Black "esteban062000"]
[Result "1-0"]
[WhiteElo "2985"]
[BlackElo "2131"]
[TimeControl "180+1"]
[EndTime "15:15:24 PST"]
[Termination "howitzer14 won by resignation"]

1. d4 Nf6 2. c4 e6 3. Nc3 Bb4 4. a3 Bxc3+ 5. bxc3 d5 6. e3 O-O 7. cxd5 Nxd5 8. c4 Nf6 9. Bd3 c5 10. Nf3 Nc6 11. O-O b6 12. Bb2 cxd4 13. exd4 Bb7 14. Qe2 Rc8 15. Rfd1 Qe7 16. Rac1 Rfd8 17. Qe3 h6 18. h3 Na5 19. d5 Bxd5 20. cxd5 Nxd5 21. Qe4 f5 22. Qe1 Nc6 23. Ba6 Rc7 24. Ne5 Nb8 25. Rxc7 Qxc7 26. Bc4 Nc6 27. Bxd5 exd5 28. Nxc6 Qxc6 29.
Qe7 Qd7 30. Qxd7 Rxd7 31. Bd4 Kf7 32. Rc1 g6 33. f3 Re7 34. Kf2 g5 35. h4 g4 36. Rc6 Re6 37. Rc7+ Re7 38. Rxe7+ Kxe7 39. h5 Ke6 40. fxg4 fxg4 41. Bg7 Kf5 42. Bxh6 d4 43. Bd2 d3 44. h6 Kg6 45. Kg3 a6 46. Kxg4 b5 47.
Kf3 1-0

[Event "Late-Titled-Tuesday-Blitz-March-05-2024"]
[Site "Chess.com"]
[Date "2024.03.05"]
[Round "7"]
[White "CarlosjPineror"]
[Black "Bykov_Egor"]
[Result "0-1"]
[WhiteElo "2742"]
[BlackElo "2607"]
[TimeControl "180+1"]
[EndTime "15:15:25 PST"]
[Termination "Bykov_Egor won on time"]

1. e4 c5 2. Nf3 e6 3. g3 Nf6 4. Qe2 Nc6 5. Bg2 e5 6. O-O Be7 7. c3 O-O 8. d4 cxd4 9. cxd4 d6 10.
d5 Nb8 11. Nc3 Ne8 12. Ne1 f5 13. Nd3 Nf6 14. Bg5 Na6 15. Bxf6 Bxf6 16. exf5 Bxf5 17. Be4 Bd7 18. b4 Rc8 19. Rac1 g6 20. a3 Bg5 21. Rc2 Qb6 22. Bg2 Bh6 23. Ne4 Rxc2 24. Qxc2 Nc7 25. a4 Nxd5 26. Nec5 dxc5 27. Bxd5+ Kh8 28.
Nxc5 Bc8 29. Qe4 Bh3 30. Rd1 a5 31. Qxe5+ Bg7 32. Qe3 Qxb4 33. Ne6 Re8 34. Bb3 b5 35. axb5 a4 36. Ba2 a3 37. b6 Qe7 38. Re1 Qd6 39. Qe4 Bxe6 40. Bxe6 a2 41. b7 a1=Q 42. Rxa1 Bxa1 43.
Qa4 Rxe6 0-1

[Event "Late-Titled-Tuesday-Blitz-March-05-2024"]
[Site "Chess.com"]
[Date "2024.03.05"]
[Round "7"]
[White "IngOscarArdila"]
[Black "N_Mullodzhanov"]
[Result "1/2-1/2"]
[WhiteElo "2327"]
[BlackElo "2498"]
[TimeControl "180+1"]
[EndTime "15:15:26 PST"]
[Termination "Game drawn by repetition"]

1. d4 Nf6 2. c3 d5 3. Nd2 g6 4. Ngf3 Bg7 5. e3 O-O 6. Be2 c5 7. O-O cxd4 8. exd4 Nc6 9. Re1 Qc7 10. h3 Ne4 11. Nxe4 dxe4 12. Nd2 f5 13. Bc4+ e6 14. b4 Rd8 15. Qb3 Qe7 16. Ba3 Qf6 17. Nf1 a6 18.
Ne3 b5 19. Bf1 Ne7 20. Rad1 Bb7 21. Bb2 Rac8 22. c4 bxc4 23. Bxc4 Nd5 24. a4 h5 25. b5 axb5 26. axb5 f4 27. Nxd5 Bxd5 28. Bxd5 exd5 29.
Rxe4 f3 30. Re3 fxg2 31. Kxg2 Rc4 32. Rg3 Rf8 33. Qf3 Qxf3+ 34. Rxf3 Rxf3 35. Kxf3 Rb4 36. Bc1 Bxd4 37. Be3 Bxe3 38. Kxe3 Rxb5 39. Kd4 Kf7 40. Ke5 Rb4 41. Rxd5 Rb3 42. Rd7+ Ke8 43. Rd6 Rxh3 44. Rxg6 Rf3 45. Ke6 Rxf2 46. Rh6 Re2+ 47. Kf6 Rh2 48. Kg5 Rg2+ 49. Kxh5 Kf7 50. Ra6 Rg1 51. Ra7+ Kf6 52. Ra6+ Kf5 53. Ra5+ Kf4 54. Ra4+ Kf3 55. Ra3+ Kf2 56.
Ra2+ Kg3 57. Ra3+ Kh2 58. Ra2+ Kh1 59. Kh4 Rb1 60. Kh3 Rb3+ 61. Kg4 Rb4+ 62. Kg3 Rb3+ 63. Kg4 Rb4+ 64. Kh3 Rb3+ 65. Kg4 1/2-1/2

[Event "Late-Titled-Tuesday-Blitz-March-05-2024"]
[Site "Chess.com"]
[Date "2024.03.05"]
[Round "7"]
[White "KorolDimitriy75"]
[Black "sonson28291"]
[Result "0-1"]
[WhiteElo "2395"]
[BlackElo "2267"]
[TimeControl "180+1"]
[EndTime "15:15:26 PST"]
[Termination "sonson28291 won on time"]

1. d4 Nf6 2. c4 c5 3. d5 b5 4.
Nd2 g6 5. b3 Bg7 6. Bb2 O-O 7. e4 d6 8. Ngf3 Nbd7 9. h3 Qc7 10.
Qc2 b4 11. Bd3 a5 12. a4 bxa3 13. Rxa3 Nb6 14. O-O Nfd7 15. Bxg7 Kxg7 16. Re1 e5 17. dxe6 fxe6 18. Qc3+ Kg8 19. Rxa5 Bb7 20. Rxa8 Rxa8 21. e5 d5 22. Qc2 Nf8 23. h4 Qe7 24. Ng5 h6 25. Nh3 Kg7 26. Nf3 d4 27. Be4 Bxe4 28.
Qxe4 Ra3 29. Rb1 Nbd7 30. Nf4 Qf7 31. g4 h5 32. Ng5 Qe8 33. gxh5 gxh5 34. Kg2 Ng6 35.
Nxh5+ Kh6 36. Nf6 Nxf6 37. exf6 e5 38. f7 Qe6 39. Qxg6+ Qxg6 40. f8=Q+ Kh5 41. Qf3+ Kh6 42. Qf8+ Kh5 43. Qh8+ Kg4 44. Qxe5 Qxb1 45. Qg3+ Kh5 46. Qf3+ Kg6 47. Qf7+ Kh6 48. Qf6+ Qg6 49. Qf8+ Kh5 0-1